 Dungeon Crawl Stone Soup version 0.25-a0-308-geac7954 (webtiles) character file.

Game seed: 2500941733136680506, levelgen mode: deterministic

16031 CanOfBees the Fighter (level 12, -2/106 HPs)
             Began as a Red Draconian Summoner on Dec 22, 2019.
             Was a High Priest of Okawaru.
             Slain by a salamander
             ... wielding a +0 halberd
              (4 damage)
             ... in a volcano.
             The game lasted 00:37:19 (23269 turns).

CanOfBees the Fighter (Red Draconian Summoner)     Turns: 23269, Time: 00:37:20

Health: -2/106     AC: 12    Str: 23    XL:     12   Next: 6%
Magic:  13/21      EV: 16    Int: 20    God:    Okawaru [*****.]
Gold:   663        SH: 13    Dex: 11    Spells: 13/23 levels left

rFire    + . .     SeeInvis .   A - +1 demon trident (venom)
rCold    + . .     Gourm    .   m - +1 shield
rNeg     . . .     Faith    .   (armour unavailable)
rPois    .         Spirit   .   (helmet restricted)
rElec    .         Reflect  .   M - +1 cloak
rCorr    .         Harm     .   Z - +1 pair of gloves {archery}
MR       .....                  (no boots)
Stlth    +++.......             (no amulet)
HPRegen  0.27/turn              o - ring of protection from cold
MPRegen  0.17/turn              L - +6 ring of strength

@: mighty, heroism, very slightly contaminated
A: breathe fire, unfitting armour, fire resistance 1, cold-blooded, AC +8
a: Breathe Fire, Heroism, Finesse, Renounce Religion


You were in a volcano.
You worshipped Okawaru.
Okawaru was extremely pleased with you.
You were hungry.

You visited 3 branches of the dungeon, and saw 15 of its levels.
You also visited: Volcano.

You collected 663 gold pieces.

Inventory:

Hand Weapons
 b - a +2 halberd of holy wrath
 A - a +1 demon trident of venom (weapon)
 T - a +2 trident of protection
Missiles
 c - 531 stones
 d - 8 javelins
 n - 3 silver javelins (quivered)
 u - 18 poisoned darts
 w - 14 boomerangs
 E - a throwing net
Armour
 m - a +1 shield (worn)
 M - a +1 cloak (worn)
 Z - a +1 pair of gloves of archery (worn)
Magical Staves
 O - an uncursed staff of summoning
Jewellery
 o - a ring of protection from cold (left hand)
 I - an uncursed ring of stealth
 L - a +6 ring of strength (right hand)
 Y - an uncursed ring of resist corrosion
Wands
 e - a wand of acid (13)
 g - a wand of enslavement (11)
 G - a wand of flame (9)
 K - a wand of digging (2)
 Q - a wand of polymorph (9)
Scrolls
 f - 3 scrolls of magic mapping
 j - 4 scrolls of fog
 k - 3 scrolls of immolation
 l - a scroll of fear
 s - a scroll of enchant weapon {unknown}
 v - 3 scrolls of remove curse
 y - 2 scrolls of blinking
 C - a scroll of amnesia
 H - a scroll of silence
 J - a scroll of vulnerability
 S - a scroll of teleportation
 U - a scroll of noise {unknown}
Potions
 i - a potion of might
 p - a potion of invisibility {unknown}
 r - 3 potions of curing
 t - a potion of mutation {unknown}
 x - 3 potions of lignification
 z - a potion of flight
 B - a potion of resistance
 N - a potion of agility
 R - a potion of ambrosia
 X - 2 potions of magic
Comestibles
 F - 22 rations


   Skills:
 + Level 10.1(15.1) Fighting
 + Level 8.3(13.3) Polearms
 + Level 4.3(9.3) Throwing
 - Level 6.0(11.0) Dodging
 - Level 1.7(6.7) Stealth
 - Level 4.2(9.2) Shields
 - Level 6.0 Spellcasting
 - Level 8.0 Summonings
 - Level 4.6 Air Magic
 + Level 7.3 Invocations


You had 13 spell levels left.
You knew the following spells:

 Your Spells              Type           Power        Failure   Level  Hunger
a - Summon Small Mammal   Summ           ####         1%          1    None
b - Call Imp              Summ           #####...     1%          2    None
c - Call Canine Familiar  Summ           #####...     2%          3    ##.....
d - Summon Lightning Spi  Summ/Air       ####....     16%         4    ####...

Your spell library contained the following spells:

 Spells                   Type           Power        Failure   Level  Hunger
 Summon Guardian Golem    Hex/Summ       ###.....     12%         3    ##.....
 Confusing Touch          Hex            #.....       22%         1    None
 Summon Ice Beast         Ice/Summ       ###.....     38%         4    ####...
 Confuse                  Hex            #.......     54%         3    ##.....
 Gell's Gravitas          Tloc           #.........   54%         3    ##.....
 Cause Fear               Hex            #.........   91%         4    ####...
 Petrify                  Tmut/Erth      #.......     91%         4    ####...
 Silence                  Hex/Air        ###.......   92%         5    #####..
 Metabolic Englaciation   Hex/Ice        #.........   99%         5    #####..
 Yara's Violent Unravell  Hex/Tmut       #.........   99%         5    #####..
 Deflect Missiles         Chrm/Air       ###.......   100%        6    #######
 Chain Lightning          Conj/Air       ###.......   100%        8    #######
 Discord                  Hex            #.........   100%        8    #######
 Lehudib's Crystal Spear  Conj/Erth      #.........   100%        8    #######
 Fire Storm               Conj/Fire      #.........   100%        9    #######
 Glaciate                 Conj/Ice       #.........   100%        9    #######


Dungeon Overview and Level Annotations

Branches:
Dungeon (10/15)            Temple (1/1) D:6            Lair (4/6) D:8
  Swamp (0/4) Lair:4        Snake (0/4) Lair:2          Orc (0/2) D:9
Volcano (1/1)

Altars:
Ashenzari
Cheibriados
Dithmenos
Elyvilon
Fedhas
Gozag
Hepliaklqana
Kikubaaqudgha
Makhleb
Nemelex Xobeh
Okawaru
Qazlal
Ru
Sif Muna
Trog
Uskayaw
Vehumet
Wu Jian
Xom
Yredelemnul
Zin
The Shining One

Shops:
D:6 }


Innate Abilities, Weirdness & Mutations

You can breathe blasts of fire.
Your fiery red scales are hard. (AC +8)
You cannot fit into any form of body armour.
Your flesh is heat resistant. (rF+)
You are cold-blooded and may be slowed by cold attacks.


Message History

Evoke which item? (* to show all) (? for menu, Esc to quit)
Aiming: Corrosive Bolt
Press: ? - help, Shift-Dir - straight line, f/p - red draconian
Aim: a red draconian, wielding a +0 flail of flaming and wearing a +0 cloak of fire resistance (heavily wounded, poisoned, covered in acid)
The bolt of acid hits the red draconian!
The red draconian is splashed with acid!
The red draconian is severely wounded.
The bolt of acid hits the salamander!
The salamander is splashed with acid!
The acid corrodes the salamander!
The salamander is heavily wounded.
The red draconian breathes flames at you.
The searing blast hits you. You resist.
* * * LOW HITPOINT WARNING * * *
The salamander hits your lightning spire with a +1 halberd of chopping!
Your lightning spire is engulfed in flames.
Your lightning spire resists.
The salamander hits you from afar with a +0 halberd!!
* * * LOW HITPOINT WARNING * * *
You are engulfed in flames.
You resist.
You die...

#§ ##.# .). #≈§
#..' $.$
§§≈§##..'.._..+
§§§§#...#.....#
≈§≈§#...#######
§≈§§#.N)'$)()!+
≈≈≈≈#.8N#..≈..#
#..d#8≈≈≈8#
##.@+..≈..+ ≈
#..+.....+
≈≈##§#8...8# #§
≈≈§###.....###≈§
#§§≈§≈.....≈§≈≈§
#≈≈≈≈8...8≈≈≈≈≈
###§§§....≈≈§≈≈
#≈§§.)..≈≈§##
##≈8...8≈≈§#


You could see a red draconian, 2 salamanders and a friendly lightning spire.

Vanquished Creatures
  A hydra (Lair:3)
  A two-headed ogre (D:10)
  A salamander mystic (Volcano)
  3 salamanders (Volcano)
  A centaur zombie (D:10)
  A black mamba (Lair:1)
  2 spiny frogs
  A komodo dragon (Lair:1)
  A hippogriff (D:10)
  4 blink frogs (Lair:3)
  A hog (D:8)
  16 yaks
  5 water moccasins
  2 porcupines
  A sky beast (D:5)
  An ice beast (D:9)
  A black bear (D:10)
  5 phantoms
  15 wolves
  6 ogres
  4 centaurs
  4 crocodiles
  3 big kobolds
  15 bullfrogs
  2 gnoll sergeants (D:9)
  3 scorpions
  4 howler monkeys (D:9)
  3 electric eels (Lair:2)
  A bullfrog zombie (D:10)
  2 crimson imps (D:9)
  4 hounds
  2 bullfrog skeletons
  A jelly (D:7)
  A centaur skeleton (D:5)
  A gnoll shaman (D:8)
  4 orc priests
  2 iguanas
  7 orc wizards
  4 worker ants
  A killer bee zombie (D:10)
  A hound zombie (D:9)
  8 gnolls
  A howler monkey skeleton (D:4)
  7 adders
  2 shadow imps (D:6)
  An ooze (D:6)
  2 adder zombies
  An adder skeleton (D:3)
  A worm (D:5)
  A dart slug (D:5)
  A leopard gecko (D:5)
  22 orcs
  4 ball pythons
  2 giant cockroaches
  9 goblins
  8 hobgoblins
  3 jackals
  15 kobolds
  2 quokkas
  8 bats
  6 frilled lizards
  A leopard gecko zombie (D:5)
  8 rats
251 creatures vanquished.

Vanquished Creatures (collateral kills)
  Harold (D:7)
  A troll (D:9)
  A blink frog (Lair:3)
  A yak (Lair:1)
  A human (D:8)
  3 hogs (D:8)
  A porcupine (Lair:1)
  3 orc warriors (D:9)
  2 ice beasts
  3 ogres
  2 big kobolds
  2 gnoll sergeants (D:9)
  Blork the orc (D:5)
  A bullfrog (Lair:1)
  A crimson imp (D:7)
  2 orc priests
  A jelly (D:8)
  An orc wizard (D:4)
  A worker ant (D:2)
  An iguana (D:4)
  A hound skeleton (D:6)
  A worker ant zombie (D:6)
  Robin (D:3)
  5 gnolls
  6 adders
  An adder skeleton (D:5)
  2 dart slugs
  2 leopard geckos
  10 orcs
  A ball python (D:3)
  A giant cockroach (D:4)
  9 goblins
  6 hobgoblins
  7 jackals
  A quokka (D:5)
  4 bats
  6 kobolds
  2 rats
96 creatures vanquished.

Vanquished Creatures (others)
  9 fungi
  A plant (D:2)
10 creatures vanquished.

Grand Total: 357 creatures vanquished

Notes
Turn   | Place    | Note
-------+----------+-------------------------------------------
     0 | D:1      | CanOfBees the Draconian Summoner began the quest for the
                  | Orb.
     0 | D:1      | Reached XP level 1. HP: 14/14 MP: 3/3
   340 | D:1      | Reached XP level 2. HP: 16/22 MP: 3/5
   348 | D:1      | Learned a level 2 spell: Call Imp
  1019 | D:2      | Reached skill level 1 in Fighting
  1125 | D:2      | Reached XP level 3. HP: 28/28 MP: 6/6
  1130 | D:2      | Learned a level 3 spell: Call Canine Familiar
  1377 | D:2      | Found a faded altar of an unknown god.
  1492 | D:2      | Reached XP level 4. HP: 20/35 MP: 2/7
  1825 | D:2      | Found a shattered altar of Ashenzari.
  1829 | D:2      | Saw a vision of the Swamp and the Snake Pit.
  1829 | D:2      | Noticed a hornet
  1829 | D:2      | Noticed a swamp drake
  1829 | D:2      | Noticed a naga mage
  1829 | D:2      | Noticed a shock serpent
  1829 | D:2      | Noticed a naga
  1829 | D:2      | Noticed an anaconda
  1830 | D:2      | Noticed an alligator
  1830 | D:2      | Noticed an alligator
  2066 | D:2      | Reached skill level 5 in Summonings
  2906 | D:3      | Reached XP level 5. HP: 36/41 MP: 3/9
  3018 | D:3      | Reached skill level 2 in Fighting
  3344 | D:3      | Noticed Robin
  3384 | D:3      | Killed Robin
  4534 | D:4      | Noticed an ogre
  4557 | D:4      | Killed an ogre
  4557 | D:4      | Reached XP level 6. HP: 50/50 MP: 3/10
  5099 | D:4      | Noticed a +0 hand axe
  5100 | D:4      | Noticed a +0 dagger
  5101 | D:4      | Found a hide-covered altar of Uskayaw.
  5128 | D:4      | Found a sparkling altar of Nemelex Xobeh.
  5165 | D:4      | Reached skill level 3 in Fighting
  6210 | D:5      | Entered Level 5 of the Dungeon
  6213 | D:5      | Found a shadowy altar of Dithmenos.
  6834 | D:5      | Noticed Blork the orc
  6855 | D:5      | HP: 2/51 [Blork the orc/magic dart (5)]
  6862 | D:5      | Killed Blork the orc
  6862 | D:5      | Your scales start taking on a fiery red colour.
  6862 | D:5      | Reached XP level 7. HP: 20/57 MP: 3/12
  6862 | D:5      | Gained mutation: Your flesh is heat resistant. (rF+) [Red
                  | Draconian growth]
  7228 | D:5      | Learned a level 4 spell: Summon Lightning Spire
  7419 | D:5      | Reached skill level 1 in Air Magic
  7478 | D:5      | Reached skill level 4 in Fighting
  8439 | D:5      | Reached XP level 8. HP: 62/67 MP: 14/14
  9357 | D:6      | Found Wutrekk's Gadget Shoppe.
  9410 | D:6      | Found a staircase to the Ecumenical Temple.
  9416 | Temple   | Entered the Ecumenical Temple
  9629 | Temple   | Became a worshipper of Warmaster Okawaru
  9732 | D:6      | Reached skill level 5 in Fighting
  9769 | D:6      | Reached skill level 5 in Spellcasting
 10364 | D:6      | Reached * piety under Okawaru
 10926 | D:7      | Noticed Harold
 10941 | D:7      | Killed Harold
 10941 | D:7      | Reached ** piety under Okawaru
 10941 | D:7      | Reached skill level 6 in Fighting
 10941 | D:7      | Reached XP level 9. HP: 15/78 MP: 12/17
 12126 | D:8      | Reached skill level 1 in Polearms
 12250 | D:8      | Reached skill level 1 in Invocations
 12392 | D:8      | Reached skill level 7 in Fighting
 12563 | D:8      | Reached *** piety under Okawaru
 12563 | D:8      | Received a gift from Okawaru
 12638 | D:8      | Found a shimmering blue altar of Sif Muna.
 12738 | D:8      | Found a staircase to the Lair.
 12979 | D:9      | Found a staircase to the Orcish Mines.
 12979 | D:9      | Noticed a troll
 13016 | D:9      | Reached **** piety under Okawaru
 13023 | D:9      | Killed a troll
 13039 | D:9      | Reached XP level 10. HP: 75/88 MP: 11/19
 13789 | D:9      | Reached skill level 8 in Fighting
 13868 | D:9      | Reached skill level 5 in Polearms
 14892 | D:10     | Entered Level 10 of the Dungeon
 14938 | D:10     | Identified the +2 dagger "Wuibour" {flame, MR+ Str+2}
 15242 | D:10     | Noticed a two-headed ogre
 15254 | D:10     | Killed a two-headed ogre
 15254 | D:10     | Reached skill level 5 in Dodging
 15655 | D:10     | Reached ***** piety under Okawaru
 15664 | D:10     | Found a shimmering altar of Xom.
 15932 | D:10     | Reached skill level 1 in Throwing
 16048 | Lair:1   | Entered Level 1 of the Lair of Beasts
 16248 | Lair:1   | Reached skill level 5 in Invocations
 16739 | Lair:1   | Noticed a black mamba
 16747 | Lair:1   | Killed a black mamba
 16747 | Lair:1   | Reached XP level 11. HP: 78/95 MP: 20/20
 17407 | Lair:1   | Reached skill level 9 in Fighting
 18047 | Lair:1   | Reached skill level 1 in Shields
 18435 | Lair:2   | Received a gift from Okawaru
 20097 | Lair:2   | Found a staircase to the Snake Pit.
 20872 | Lair:3   | Received a gift from Okawaru
 21160 | Lair:3   | Noticed a six-headed hydra
 21174 | Lair:3   | Killed a six-headed hydra
 22021 | Lair:3   | Received a gift from Okawaru
 22743 | Lair:4   | Found a dark tunnel.
 22753 | Volcano  | Entered a volcano
 22769 | Volcano  | Noticed a salamander mystic
 22831 | Volcano  | Killed a salamander mystic
 22831 | Volcano  | Reached skill level 10 in Fighting
 22987 | Volcano  | Found a radiant altar of Vehumet.
 23002 | Volcano  | Reached XP level 12. HP: 59/106 MP: 21/21
 23121 | Volcano  | Noticed a red draconian
 23269 | Volcano  | HP: 2/106 [salamander/+0 halberd (18)]
 23269 | Volcano  | Slain by a salamander

Levels and vault maps discovered:
D:1:      nicolae_arrival_washed_ashore, layout_basic
D:2:      layout_rooms, first_ration, chequers_ecumenical_altar_simple,
          grunt_ashenzari_visionary [grunt_ashenzari_visionary_swamp,
          grunt_ashenzari_visionary_snake]
D:3:      wad_river_or_something, layout_loops_ring, uniq_robin
D:4:      layout_basic, dancing_weapons_uskayaw,
          nemelex_xobeh_ov_fountains_minmay
D:5:      layout_layer_cave, grunt_dithmenos_smoke_and_mirrors,
          uniq_blork_the_orc
D:6:      layout_layer_cave, minmay_temple_entry_arrows, serial_shops, shop
D:7:      layout_cave_pools, uniq_harold
D:8:      layout_rooms, dpeg_oklobed_lair, grunt_livestock,
          chequers_serial_rivers_room_a, led_sif_pool
D:9:      layout_basic, kennysheep_orc_monster_closet_entryway
D:10:     layout_rooms, basic_altar
Temple:   compressed_dpeg_circular_temple
Lair:1:   layout_regular_city, lemuel_fruit_tree
Lair:2:   layout_gridlike, dummy_snake_entry
Lair:3:   layout_long_grid
Lair:4:   pond_and_an_island_with_a_cottage, layout_misc_corridors,
          minmay_swamp_entry_eels, nicolae_volcano_entry_s_turn, uniq_nergalle
Volcano:  kennysheep_volcano_temple

Skill      XL: |  1  2  3  4  5  6  7  8  9 10 11 |
---------------+----------------------------------+-----
Dodging        | 2 3 4 5 6 |  6.0
Fighting       | 1 2 3 4 6 7 8 10 | 10.1
Summonings     | 5 6 7 8 |  8.0
Spellcasting   | 3 4 5 6 |  6.0
Air Magic      | 2 4 |  4.6
Polearms       | 4 6 8 |  8.3
Invocations    | 3 5 7 |  7.3
Throwing       | 1 4 |  4.3
Shields        | 4 |  4.2
Stealth        | |  1.7

Action                   |  1- 3 |  4- 6 |  7- 9 | 10-12 || total
-------------------------+-------+-------+-------+-------++-------
Melee: Spear             |    81 |   313 |   217 |       ||   611
       Unarmed           |     5 |       |       |       ||     5
       Tailslap          |     4 |    24 |    30 |    55 ||   113
       Halberd           |       |       |    37 |   205 ||   242
       Trident           |       |       |       |    78 ||    78
       Demon trident     |       |       |       |   179 ||   179
Throw: Stone             |       |     3 |       |     3 ||     6
       Dart              |       |     8 |     5 |     7 ||    20
       Boomerang         |       |     9 |     3 |       ||    12
       Javelin           |       |       |       |     4 ||     4
 Cast: Summon Small Mamm |     5 |       |     1 |       ||     6
       Call Imp          |     9 |    17 |     5 |    14 ||    45
       Call Canine Famil |       |    23 |     9 |     7 ||    39
       Summon Lightning  |       |       |     9 |     5 ||    14
Invok: Heroism           |       |       |       |     4 ||     4
 Abil: Breathe Fire      |       |       |    28 |    40 ||    68
Evoke: Wand              |       |       |       |    13 ||    13
  Use: Scroll            |       |    10 |     4 |    13 ||    27
       Potion            |       |     1 |     2 |     3 ||     6
 Stab: Sleeping          |     2 |     2 |     3 |     1 ||     8
       Distracted        |       |     2 |     2 |       ||     4
  Eat: Chunk             |     2 |    20 |    19 |    21 ||    62
       Ration            |       |       |     2 |     6 ||     8
Armor: Skin              |    45 |    89 |    94 |   157 ||   385
Dodge: Dodged            |    88 |   208 |   213 |   340 ||   849
Block: Shield            |       |       |       |   100 ||   100

Table legend:
 A = Non-vault XP
 B = Vault XP
 C = Vault XP percentage of total XP
 D = Non-vault monster count
 E = Vault monster count
 F = Vault count percentage of total count
                 A         B        C        D         E       F
            +---------+---------+-------+---------+---------+-------
      Total |   18062 |    4840 |  21.1 |     299 |      48 |  13.8
            +---------+---------+-------+---------+---------+-------
        D:1 |      24 |       0 |   0.0 |      18 |       0 |   0.0
        D:2 |     147 |       0 |   0.0 |      42 |       0 |   0.0
        D:3 |     137 |      45 |  24.7 |      28 |      17 |  37.8
        D:4 |     340 |       0 |   0.0 |      12 |       0 |   0.0
        D:5 |     779 |      46 |   5.6 |      23 |       1 |   4.2
        D:6 |    1032 |       0 |   0.0 |      23 |       0 |   0.0
        D:7 |     290 |     758 |  72.3 |      11 |       1 |   8.3
        D:8 |     701 |     776 |  52.5 |      24 |       5 |  17.2
        D:9 |    1263 |    1183 |  48.4 |      28 |      20 |  41.7
       D:10 |    2408 |       0 |   0.0 |      25 |       0 |   0.0
     Lair:1 |    3219 |       0 |   0.0 |      21 |       0 |   0.0
     Lair:2 |    2643 |       0 |   0.0 |      22 |       0 |   0.0
     Lair:3 |    5079 |       0 |   0.0 |      22 |       0 |   0.0
    Volcano |       0 |    2032 | 100.0 |       0 |       4 | 100.0
            +---------+---------+-------+---------+---------+-------
